 Dungeon Crawl Stone Soup version 0.31-a0-430-gf8416d752b (webtiles) character file.

Game seed: 9850010482125264949

148941 Ajdolov the Metamorph (level 17, -13/89 HPs)
             Began as a Vine Stalker Shapeshifter on July 30, 2023.
             Was a Priest of Uskayaw.
             Mangled by a tyrant leech (23 damage)
             ... called by a spriggan druid
             ... on level 1 of the Swamp on July 31, 2023.
             The game lasted 01:26:00 (25426 turns).

Ajdolov the Metamorph (Vine Stalker Shapeshifter)  Turns: 25426, Time: 01:26:00

Health: -13/89     AC: 23    Str: 28    XL:     17   Next: 50%
Magic:  0/25       EV: 12    Int:  6    God:    Uskayaw [***...]
Gold:   1326       SH:  0    Dex: 19    Spells: 16/16 levels left

rFire   + .          .
                       - Unarmed
rCold   . . .        (shield currently unavailable)
rNeg    . . .        L - +10 chain mail of the Original Sin {+Blink Slay+3}
rPois   +            f - +2 helmet
rElec   .            P - +2 cloak "Ofelut" {rPois Will+ Regen+}
rCorr   .            (gloves currently unavailable)
SInv    .            (no boots)
Will    +++..        O - amulet of faith Stlth
                     j - +4 ring of protection
HPRegen 1.94/turn    l - ring of protection from fire
MPRegen 0.19/turn

%: guardian spirit, faith
@: blade hands, corroded, studying 2 skills, very slow
A: fangs 3, regeneration 1, magic shield, antimagic bite, no potion heal 2,
agile 1, poison resistance, strong 1, MP-powered wands
a: Begin Untransformation, Renounce Religion, Evoke Blink, Stomp, Line Pass


You were on level 1 of the Swamp.
You worshipped Uskayaw.
Uskayaw was aware of your devotion.
You had blades for hands.
You visited 6 branches of the dungeon, and saw 27 of its levels.
You also visited: Bailey and Gauntlet.

You collected 3022 gold pieces.
You spent 1696 gold pieces at shops.

Inventory:

Missiles
 r - 54 poisoned darts
 w - 5 darts of dispersal
 E - a curare-tipped dart
 Q - 4 silver javelins
 T - 2 throwing nets
Armour
 f - a +2 helmet (worn)
 x - a +0 crystal plate armour
 L - the +10 chain mail of the Original Sin (worn) {+Blink Slay+3}
   (You found it on level 10 of the Dungeon)

   Slay:      It affects your accuracy & damage with ranged weapons and melee
   (+3).
   +Blink:    It lets you blink.
 P - the +2 cloak "Ofelut" (worn) {rPois Will+ Regen+}
   (You found it in a Gauntlet)

   rPois:     It protects you from poison.
   Regen:     It increases your rate of health regeneration.
   Will:      It increases your willpower.
Jewellery
 e - a ring of resist corrosion
 j - a +4 ring of protection (left blade hand)
 l - a ring of protection from fire (right blade hand)
 t - a ring of willpower
 O - an amulet of faith (around neck)
Talismans
 a - a serpent talisman
 c - a beast talisman
 n - a granite talisman
 B - a storm talisman
 J - a blade talisman (active)
Wands
 h - a wand of charming (17)
 C - a wand of flame (70)
 G - a wand of light (9)
 N - a wand of roots (5)
 S - a wand of polymorph (29)
Scrolls
 d - 3 scrolls of immolation
 o - a scroll of summoning
 p - 7 scrolls of fear
 s - 13 scrolls of teleportation
 v - 3 scrolls of poison
 y - 4 scrolls of vulnerability
 A - 2 scrolls of blinking
 I - 4 scrolls of enchant armour
 M - 2 scrolls of identify
 R - 2 scrolls of revelation
Potions
 b - 8 potions of lignification
 g - 4 potions of attraction
 k - 2 potions of enlightenment
 m - 13 potions of curing
 q - a potion of brilliance
 u - 3 potions of might
 z - 2 potions of haste
 D - 2 potions of resistance
 F - 2 potions of mutation
 K - 4 potions of cancellation
Miscellaneous
 i - a phial of floods
 U - a sack of spiders
 V - a phantom mirror


   Skills:
 - Level 10.0 Fighting
 - Level 7.3 Armour
 + Level 6.1 Dodging
 - Level 10.0 Unarmed Combat
 * Level 10.1 Invocations
 * Level 20.3 Shapeshifting


You had 16 spell levels left.
You didn't know any spells.
Your spell library contained the following spells:

 Spells                   Type           Power      Damage    Failure   Level
 Freeze                   Ice            0%         1d3       99%         1
 Magic Dart               Conj           0%         1d3       99%         1
 Necrotise                Necr           0%         1d4       99%         1
 Shock                    Conj/Air       0%         1d3       99%         1
 Sting                    Tmut/Pois      0%         1d3       99%         1
 Cigotuvi's Dreadful Rot  Necr/Pois/Air  0%         N/A       100%        2
 Ensorcelled Hibernation  Hex/Ice        0%         N/A       100%        2
 Searing Ray              Conj           0%         2d4       100%        2
 Frozen Ramparts          Ice            0%         1d1       100%        3
 Gell's Gravitas          Tloc           0%         N/A       100%        3
 Hailstorm                Conj/Ice       0%         3d3       100%        3
 Teleport Other           Tloc           0%         N/A       100%        3
 Tukima's Dance           Hex            0%         N/A       100%        3
 Vampiric Draining        Necr           0%         2d6       100%        3
 Vhi's Electric Charge    Tloc/Air       0%         N/A       100%        3
 Anguish                  Hex/Necr       0%         N/A       100%        4
 Animate Dead             Necr           0%         N/A       100%        4
 Flame Wave               Conj/Fire      0%         2d4       100%        4
 Fulminant Prism          Conj/Hex       0%         3d5       100%        4
 Olgreb's Toxic Radiance  Pois           0%         N/A       100%        4
 Agony                    Necr           0%         N/A       100%        5
 Arcjolt                  Conj/Air       0%         1d10      100%        5
 Borgnjor's Vile Clutch   Necr/Erth      0%         N/A       100%        5
 Dispersal                Tloc           0%         N/A       100%        6
 Haunt                    Necr/Summ      0%         N/A       100%        7
 Infestation              Necr           0%         N/A       100%        8
 Maxwell's Capacitive Co  Air            0%         ∞         100%        8


Dungeon Overview and Level Annotations

Branches:
Dungeon (15/15)            Temple (1/1) D:5            Lair (5/5) D:11
  Swamp (1/4) Lair:3       Spider (3/4) Lair:2        Slime (0/5) Lair:5
    Orc (2/2) D:12            Elf (0/3) Orc:2        Vaults (0/5) D:13
 Depths (0/4) D:15         Bailey (visited)         Gauntlet (visited)

Altars:
Ashenzari
Cheibriados
Dithmenos
Elyvilon
Fedhas
Gozag
Hepliaklqana
Kikubaaqudgha
Makhleb
Nemelex Xobeh
Okawaru
Qazlal
Ru
Sif Muna
Trog
Uskayaw
Vehumet
Wu Jian
Xom
Yredelemnul
Zin
The Shining One
Jiyva

Shops:
D:4 (   D:5 ?=*   D:8 :   D:12 [   Orc:2 *(*=*

Annotations:
D:14 2 transporters, Odeis's ghost, journeyman OpCK
Lair:4 3 runed translucent doors, Alapn's ghost, journeyman KoEn
Lair:5 exclusion: obsidian statue


Innate Abilities, Weirdness & Mutations

You have blades for hands.
Your spellcasting is less reliable in this form.
You are incapable of wielding weapons or throwing items.
You have razor-sharp teeth.
Your natural rate of healing is unusually fast.
When hurt, damage is shared between your health and your magic reserves.
Your bite disrupts and absorbs the magic of your enemies.
Potions cannot restore your health.
You are agile. (Dex +4, Str/Int -1)
Your system is resistant to poisons. (rPois)
Your muscles are strong. (Str +4, Int/Dex -1)
You expend magic power (3 MP) to strengthen your wands.


Message History

The +0 spectral quarterstaff hits you but does no damage.
You miss the spriggan druid. You bite the spriggan druid!
The spriggan druid's magic leaks into the air.
You drain its magic.
You feel invigorated.
The spriggan druid is moderately wounded.
The +0 spectral quarterstaff closely misses you.
The goliath frog hits you from afar. The acid corrodes you!
You are splashed with acid.
The +0 spectral quarterstaff hits you.
The spriggan druid hits you but does no damage.
The +0 spectral quarterstaff hits you but does no damage.
Your unstable footing causes you to fumble your attack.
The +0 spectral quarterstaff hits you! x2
The goliath frog hits you but does no damage.
The spriggan druid closely misses you.
The +0 spectral quarterstaff hits you! x2
The tyrant leech misses you.
Your unstable footing causes you to fumble your attack.
The +0 spectral quarterstaff barely misses you.
The +0 spectral quarterstaff hits you.
The goliath frog hits you but does no damage.
The spriggan druid calls out to the beasts of the wild!
A bog body comes into view.
Unknown command.
You shred the spriggan druid!!!
With its final breath, the spriggan druid offers up its power to the beasts of the wild!
The goliath frog seems to grow more fierce.
The tyrant leech seems to grow more fierce.
You kill the spriggan druid!
The +0 spectral quarterstaff disappears.
The goliath frog hits you from afar. The acid corrodes you!
You are splashed with acid!
* * * LOW HITPOINT WARNING * * *
The tyrant leech bites you but does no damage.
A goliath frog comes into view.
Uskayaw will force your foes to helplessly watch your dance.
The goliath frog hits you from afar!!
* * * LOW HITPOINT WARNING * * *
You are splashed with acid.
* * * LOW HITPOINT WARNING * * *
The tyrant leech bites you!!
You die...

.$~~....~~.w~~..~~~~~♣
.$..........~~§F~~n~♣
..~?~.~~i~......♣~~.♣
..~.~.~!>.♣♣♣♣....§.♣
~~.§~~..♣♣♣ ♣♣~~~~♣♣
.~.~♣♣.♣♣ ♣♣?.~§♣ ..~
♣. ♣.F~~♣♣ . §~ ♣♣w.♣♣
.~~ ♣@♣♣ ..~~ ♣♣.♣
..~~. ♣.†♣ ♣.<♣ ♣♣♣.♣
♣♣


You could see a tyrant leech (strong), 2 goliath frogs and a bog body.

Vanquished Creatures
  Rupert (D:13)
  Asterion (Spider:1)
  Gastronok (Lair:1)
  Aizul (Spider:1)
  3 emperor scorpions (Spider:3)
  A broodmother (Spider:1)
  An ironbound preserver (D:13)
  A ghost moth (Spider:3)
  A very ugly thing (D:15)
  A minotaur (Gauntlet)
  5 dire elephants (Lair:5)
  2 spark wasps
  A fire dragon (D:14)
  2 entropy weavers
  A great orb of eyes (D:15)
  A jorogumo (Spider:3)
  A rakshasa (D:15)
  3 hydras
  2 radroaches
  2 catoblepae (Gauntlet)
  A centaur warrior (D:10)
  9 boulder beetles
  An alligator (Swamp:1)
  2 two-headed ogres
  3 tengu warriors
  15 demonic crawlers
  Nergalle (Lair:2)
  A sun moth (Spider:3)
  3 ghost moth zombies (Spider:3)
  4 pharaoh ants
  2 skysharks
  4 spectral death yaks (Lair:5)
  A glowing orange brain (D:13)
  A spark wasp zombie (Spider:3)
  Lodul (D:13)
  A spectral anaconda (Lair:5)
  A spriggan druid (Swamp:1)
  7 orb spiders
  2 steelbarb worms (Spider:3)
  A swamp dragon (Swamp:1)
  2 jorogumo zombies (Spider:3)
  3 orc knights
  A lindwurm (Lair:5)
  4 deep elf pyromancers (Orc:2)
  3 necromancers (Lair:5)
  A broodmother zombie (Spider:3)
  A wizard (D:15)
  4 deep elf zephyrmancers (Orc:2)
  14 ugly things
  2 orc sorcerers
  5 manticores
  16 wolf spiders
  25 elephants
  A moth of wrath (Spider:3)
  8 cyclopes
  An ice statue (Gauntlet)
  8 gargoyles
  A molten gargoyle (Gauntlet)
  4 black mambas
  An eye of devastation (Gauntlet)
  A torpor snail (Gauntlet)
  A rime drake (Gauntlet)
  10 cane toads
  A kobold demonologist (D:14)
  12 komodo dragons
  A dire elephant skeleton (Lair:5)
  2 efreet
  6 trolls
  12 hornets
  3 meliai (D:15)
  A polar bear (Lair:5)
  10 tarantellas
  8 blink frogs
  A spectral elephant (Lair:5)
  15 slime creatures
  21 jumping spiders
  14 culicivoras
  A shadow (D:9)
  A slime creature (shapeshifter) (D:15)
  A wraith (D:13)
  A vampire (D:12)
  2 wyverns
  22 yaks
  2 dire elephant simulacra (Lair:5)
  2 steam dragons (D:8)
  21 vampire mosquitoes
  48 redbacks
  5 basilisks
  A death yak simulacrum (Lair:5)
  2 wargs
  A spectral cane toad (Lair:5)
  A swamp worm (Lair:3)
  An acid dragon (D:13)
  17 water moccasins
  A floating eye (Gauntlet)
  An ice beast (D:6)
  40 orc warriors
  A sky beast (D:7)
  A boggart (D:10)
  3 elephant zombies (Lair:5)
  13 wolves (Lair:1)
  8 ogres
  An elephant skeleton (Lair:5)
  A phantom (D:5)
  24 centaurs
  4 kobold brigands
  12 bullfrogs
  25 scorpions
  A gnoll sergeant (D:8)
  13 wights
  An elephant simulacrum (Lair:5)
  15 killer bees
  An electric eel (Orc:2)
  2 lava snakes (D:10)
  2 hounds
  A gnoll bouda (D:9)
  14 orc priests
  2 jellies
  5 iguanas
  A sleepcap (D:7)
  16 orc wizards
  Robin (D:3)
  7 gnolls
  6 adders
  A shadow imp (D:8)
  A white imp (D:6)
  An ufetubus (D:4)
  A worm (D:4)
  A dart slug (D:2)
  66 orcs
  6 endoplasms
  2 giant cockroaches
  17 goblins
  10 hobgoblins
  9 jackals
  2 quokkas
  6 ball pythons
  4 bats
  3 frilled lizards
  21 kobolds
  4 rats
824 creatures vanquished.

Vanquished Creatures (collateral kills)
  An orc warrior (Orc:2)
  A centaur (Bailey)
  7 orcs
9 creatures vanquished.

Vanquished Creatures (others)
  An unseen horror (D:10)
  A culicivora (Spider:2)
  A warg (D:11)
  A centaur (Orc:2)
  An orc wizard (Orc:2)
  A gnoll (D:8)
  An orc (Orc:2)
7 creatures vanquished.

Grand Total: 840 creatures vanquished

Notes
Turn   | Place    | Note
-------+----------+-------------------------------------------
     0 | D:1      | Ajdolov the Vine Stalker Shapeshifter began the quest for
                  | the Orb.
     0 | D:1      | Reached XP level 1. HP: 9/9 MP: 2/2
   154 | D:1      | Reached XP level 2. HP: 14/14 MP: 1/3
   809 | D:2      | Reached XP level 3. HP: 14/17 MP: 4/4
   885 | D:2      | Found a faded altar of an unknown god.
  1603 | D:3      | Gained mutation: Your natural rate of healing is unusually
                  | fast. [Vine Stalker growth]
  1603 | D:3      | Reached XP level 4. HP: 21/21 MP: 5/5
  1609 | D:3      | Reached skill level 4 in Shapeshifting
  1914 | D:3      | Noticed Robin
  1945 | D:3      | Killed Robin
  1946 | D:3      | Reached XP level 5. HP: 25/25 MP: 6/6
  2116 | D:4      | Found Reisum's Weapon Shoppe.
  2469 | D:4      | Reached XP level 6. HP: 29/29 MP: 7/7
  2616 | D:4      | Reached skill level 5 in Shapeshifting
  2802 | D:5      | Entered Level 5 of the Dungeon
  2832 | D:5      | Found a staircase to the Ecumenical Temple.
  2841 | Temple   | Entered the Ecumenical Temple
  2864 | Temple   | Became a worshipper of Uskayaw the Reveller
  2889 | D:5      | Reached * piety under Uskayaw
  2891 | D:5      | Reached ** piety under Uskayaw
  2925 | D:5      | Found Veduam's General Store.
  2936 | D:5      | Bought a scroll of identify for 24 gold pieces
  2936 | D:5      | Bought a potion of degeneration for 12 gold pieces
  2991 | D:5      | Found Hyhitri's Jewellery Boutique.
  3015 | D:5      | Reached skill level 5 in Unarmed Combat
  3041 | D:5      | Reached XP level 7. HP: 32/32 MP: 8/8
  3119 | D:5      | Reached skill level 6 in Shapeshifting
  3208 | D:5      | Found a white marble altar of Elyvilon.
  3382 | D:5      | Found Eqoh's Magic Scroll Emporium.
  3385 | D:5      | Bought a scroll of identify for 28 gold pieces
  3662 | D:6      | Found a shadowy altar of Dithmenos.
  3806 | D:6      | Gained mutation: You have razor-sharp teeth. [Vine Stalker
                  | growth]
  3806 | D:6      | Reached XP level 8. HP: 37/37 MP: 9/9
  4154 | D:6      | Found an opulent altar of Gozag.
  4157 | D:6      | Found an ornate altar of the Wu Jian Council.
  4162 | D:6      | Found a bloodstained altar of Trog.
  4271 | D:7      | Reached skill level 7 in Shapeshifting
  4386 | D:7      | Reached *** piety under Uskayaw
  4388 | D:7      | Reached **** piety under Uskayaw
  4390 | D:7      | Reached ***** piety under Uskayaw
  4617 | D:7      | Reached skill level 8 in Shapeshifting
  4654 | D:6      | Reached XP level 9. HP: 40/40 MP: 10/10
  5161 | D:8      | Found a basalt altar of Yredelemnul.
  5285 | D:8      | Reached skill level 1 in Invocations
  5409 | D:8      | Reached skill level 9 in Shapeshifting
  5443 | D:8      | Found Yhoruin's Self-Improvement Boutique.
  5881 | D:8      | Noticed a two-headed ogre
  5936 | D:8      | Killed a two-headed ogre
  5937 | D:8      | Reached XP level 10. HP: 22/44 MP: 14/14
  6228 | D:9      | Reached skill level 5 in Invocations
  6569 | D:9      | Reached skill level 10 in Shapeshifting
  6718 | D:9      | Identified the orb of Wimaxt {guile, Rampage Regen+}
  7208 | D:10     | Entered Level 10 of the Dungeon
  7243 | D:10     | Noticed a tengu warrior
  7244 | D:10     | Noticed a boulder beetle
  7274 | D:10     | Killed a tengu warrior
  7360 | D:10     | Noticed a gargoyle
  7462 | D:10     | Reached XP level 11. HP: 48/48 MP: 17/17
  7528 | D:10     | Killed a boulder beetle
  7575 | D:10     | Noticed a cyclops
  7608 | D:10     | Killed a cyclops
  7609 | D:10     | Reached skill level 11 in Shapeshifting
  7635 | D:10     | Identified the +2 flail "Qijiesa" {elec, Str+4 Dex+3}
  7643 | D:10     | Identified the staff "Beirgh" {rElec rPois rC+ rN+ Str+3
                  | Air}
  7796 | D:10     | Noticed a centaur warrior
  7808 | D:10     | Killed a centaur warrior
  7881 | D:10     | Found a flagged portal.
  7894 | Bailey   | Entered a bailey
  9308 | D:10     | Reached skill level 10 in Unarmed Combat
  9324 | D:10     | Identified the +10 chain mail of the Original Sin {+Blink
                  | Slay+3}
  9953 | D:11     | Noticed a cyclops
  9956 | D:11     | Reached XP level 12. HP: 45/52 MP: 20/20
  9990 | D:11     | Noticed a two-headed ogre
  9995 | D:11     | Reached skill level 12 in Shapeshifting
  9997 | D:11     | Killed a two-headed ogre
 10163 | D:11     | Found a staircase to the Lair.
 10178 | D:11     | Found a gate leading to a gauntlet.
 10206 | Gauntlet | Entered a Gauntlet
 10206 | Gauntlet | Found a transporter.
 10217 | Gauntlet | Noticed a catoblepas
 10219 | Gauntlet | Found a transporter.
 10219 | Gauntlet | Found a transporter.
 10220 | Gauntlet | Found a transporter.
 10228 | Gauntlet | Found a transporter.
 10231 | Gauntlet | Found a transporter.
 10232 | Gauntlet | Found a transporter.
 10240 | Gauntlet | Found a transporter.
 10243 | Gauntlet | Found a transporter.
 10244 | Gauntlet | Found a transporter.
 10248 | Gauntlet | Found a runed translucent door.
 10252 | Gauntlet | Found a transporter.
 10254 | Gauntlet | Found a runed translucent door.
 10255 | Gauntlet | Found a transporter.
 10256 | Gauntlet | Found a transporter.
 10259 | Gauntlet | Noticed a catoblepas
 10263 | Gauntlet | Noticed an eight-headed hydra
 10265 | Gauntlet | Found a transporter.
 10670 | Gauntlet | Killed a catoblepas
 10671 | Gauntlet | Reached skill level 10 in Invocations
 10733 | Gauntlet | Paralysed by a floating eye for 2 turns
 10805 | Gauntlet | Killed a catoblepas
 10809 | Gauntlet | Reached skill level 13 in Shapeshifting
 10820 | Gauntlet | Identified the +2 cloak "Ofelut" {rPois Will+ Regen+}
 10841 | Gauntlet | Killed an eight-headed hydra
 10951 | Gauntlet | Noticed a minotaur
 10962 | Gauntlet | Found the +3 salamander hide armour {Flames, rFlCloud rF++
                  | rC--}
 10968 | Gauntlet | Killed a minotaur
 11232 | D:11     | Found a sacrificial altar of Ru.
 11401 | Lair:1   | Entered Level 1 of the Lair of Beasts
 11612 | Lair:1   | Reached skill level 14 in Shapeshifting
 11847 | Lair:1   | Reached XP level 13. HP: 56/56 MP: 21/21
 11879 | Lair:1   | Noticed Gastronok
 11906 | Lair:1   | Killed Gastronok
 12609 | Lair:2   | Found a hole to the Spider Nest.
 12612 | Lair:2   | Found a snail-covered altar of Cheibriados.
 12625 | Lair:2   | Reached skill level 15 in Shapeshifting
 12704 | Lair:2   | Reached skill level 1 in Fighting
 12719 | Lair:2   | Reached ****** piety under Uskayaw
 12739 | Lair:2   | Noticed Nergalle
 12744 | Lair:2   | Killed Nergalle
 13542 | Lair:3   | Found a staircase to the Swamp.
 13562 | Lair:3   | Got the Directory of Transforming Misfortune
 13882 | Lair:4   | Noticed Alapn's ghost (journeyman KoEn)
 13966 | Lair:4   | Reached skill level 5 in Fighting
 14007 | Lair:4   | Found a runed translucent gate.
 14008 | Lair:4   | Found a runed translucent gate.
 14010 | Lair:4   | Found a runed translucent gate.
 14934 | D:12     | Found a staircase to the Orcish Mines.
 15228 | D:12     | Reached XP level 14. HP: 69/69 MP: 22/22
 15254 | D:12     | Found Caajucon's Antique Armour Shop.
 15596 | D:12     | Upgraded the game from 0.31-a0-424-g41b3b0883d to
                  | 0.31-a0-430-gf8416d752b
 15639 | Orc:1    | Entered Level 1 of the Orcish Mines
 15734 | Orc:1    | HP: 3/70 [orc knight/+0 great mace (22)]
 15735 | Orc:1    | HP: 1/70 [orc warrior/+0 mace[an orc knight] (4)]
 16075 | D:5      | Bought a scroll of enchant armour for 105 gold pieces
 16075 | D:5      | Bought a scroll of teleportation for 42 gold pieces
 16075 | D:5      | Bought a scroll of blinking for 105 gold pieces
 16075 | D:5      | Bought a scroll of teleportation for 42 gold pieces
 16499 | Orc:2    | Entered Level 2 of the Orcish Mines
 16513 | Orc:2    | Reached skill level 16 in Shapeshifting
 16560 | Orc:2    | Found Zitisum's General Store.
 16568 | Orc:2    | Bought a wand of light (4) for 218 gold pieces
 17224 | Orc:2    | Found a staircase to the Elven Halls.
 17251 | Orc:2    | Found Zyuwk's Jewellery Shoppe.
 17251 | Orc:2    | Found Otupt's General Store.
 17253 | Orc:2    | Found Goischecy's Weapon Boutique.
 17255 | Orc:2    | Found Cos Rul's Assorted Antiques.
 17814 | Lair:5   | Entered Level 5 of the Lair of Beasts
 17882 | Lair:5   | Reached skill level 1 in Armour
 18167 | Lair:5   | Found a runed translucent door.
 18169 | Lair:5   | Found a viscous altar of Jiyva.
 18171 | Lair:5   | Found a staircase to the Slime Pits.
 18885 | D:13     | Noticed Lodul
 18902 | D:13     | Killed Lodul
 18945 | D:13     | Noticed an ironbound preserver
 18975 | D:13     | Killed an ironbound preserver
 19006 | D:13     | Reached skill level 17 in Shapeshifting
 19018 | D:13     | Reached XP level 15. HP: 75/75 MP: 23/23
 19025 | D:13     | Found a gate to the Vaults.
 19062 | D:13     | Reached skill level 5 in Armour
 19105 | D:13     | Noticed Rupert
 19126 | D:13     | Killed Rupert
 19921 | D:14     | Got Tunulim's Parchment of the Fjord and Gusts
 19975 | D:14     | Found a transporter.
 19995 | D:14     | Noticed Odeis's ghost (journeyman OpCK)
 20048 | D:14     | Found a transporter.
 20734 | D:15     | Entered Level 15 of the Dungeon
 21332 | D:15     | Found a staircase to the Depths.
 21572 | D:8      | Bought a manual of Fighting for 1120 gold pieces
 22008 | Lair:5   | Reached skill level 18 in Shapeshifting
 22096 | Lair:5   | Reached XP level 16. HP: 61/84 MP: 16/24
 22285 | Spider:1 | Entered Level 1 of the Spider Nest
 22286 | Spider:1 | You fall into a shaft and drop 1 floor!
 22298 | Spider:2 | Reached skill level 10 in Fighting
 22479 | Spider:1 | Noticed Aizul
 22482 | Spider:1 | Noticed Asterion
 22486 | Spider:1 | Killed Aizul
 22489 | Spider:1 | HP: 2/85 [Asterion/+0 spectral demon blade (10)]
 22618 | Spider:1 | Gained mutation: You are frail. (-10% HP) [a cacodemon]
 22641 | Spider:1 | Killed Asterion
 22835 | Spider:1 | Reached skill level 19 in Shapeshifting
 22896 | Spider:1 | Lost mutation: You are frail. (-10% HP) [potion of
                  | mutation]
 22896 | Spider:1 | Gained mutation: Your system is resistant to poisons.
                  | (rPois) [potion of mutation]
 22896 | Spider:1 | Gained mutation: Your muscles are strong. (Str +4, Int/Dex
                  | -1) [potion of mutation]
 22896 | Spider:1 | Gained mutation: You expend magic power (3 MP) to
                  | strengthen your wands. [potion of mutation]
 22896 | Spider:1 | Gained mutation: You are agile. (Dex +4, Str/Int -1)
                  | [potion of mutation]
 24695 | Spider:3 | Reached XP level 17. HP: 89/89 MP: 25/25
 24757 | Spider:3 | Reached skill level 20 in Shapeshifting
 24811 | Spider:3 | Reached skill level 5 in Dodging
 24937 | Spider:3 | Got the Lessons on the Sun and the Tincture
 25371 | Swamp:1  | Entered Level 1 of the Swamp
 25426 | Swamp:1  | Mangled by a tyrant leech

Illustrated notes

Levels and vault maps discovered:
D:1:      wander_arrival_fairy_ring, layout_basic, serial_aquarium,
          aquarium_bridge_long_separate [aquarium_subvault_window,
          aquarium_subvault_bridge, aquarium_subvault_window,
          aquarium_subvault_bridge, aquarium_subvault_balcony,
          aquarium_subvault_bridge], aquarium_bridge_straight
          [aquarium_subvault_bridge, aquarium_subvault_window,
          aquarium_subvault_bridge, aquarium_subvault_wall],
          aquarium_window_fake, aquarium_window_2, aquarium_window_fake,
          aquarium_view_2g
D:2:      layout_basic, dilly_ecumenical_altar_fadedgnrine, minmay_box_of_dots
D:3:      layout_loops_cross, uniq_robin
D:4:      layout_loops_ring, serial_shops, shop
D:5:      layout_rooms, mainiacjoe_overflow_brackets, minmay_temple_entry_tees,
          serial_shops, nicolae_shop_window_shopping,
          nicolae_shop_real_fake_doors, nicolae_shop_rolled_up,
          nrook_mini_backslash
D:6:      layout_gridville, lemuel_doored_altar, grunt_temple_overflow_diamond
D:7:      layout_basic
D:8:      minmay_chambers_of_fours, layout_basic, yredelemnul_altar_generic,
          nicolae_shop_self_help
D:9:      layout_stronghold
D:10:     minmay_the_grid_octo_triangle [minmay_the_grid_octo_empty,
          minmay_the_grid_octo_prize_ultimate_mussel_roller,
          minmay_the_grid_octo_pinwheel], layout_cave_pools, enter_bailey_3,
          hangedman_decor_points, kennysheep_island_fort
D:11:     layout_rooms, erik_lair_orcish_takeover, gauntlet_entry_generic,
          kb_lookout_dungeons_type, nicolae_ru_the_path_less_chosen
D:12:     layout_loops_corners, minmay_orc_entry_temple_small, serial_shops,
          kennysheep_little_box
D:13:     layout_loops_ring, hellmonk_vaults_order_and_chaos, serial_rivers,
          chequers_serial_rivers_small_a, chequers_serial_rivers_large_a,
          chequers_serial_rivers_room_a, chequers_serial_rivers_micro_e,
          uniq_lodul, uniq_rupert
D:14:     layout_loops_ring, nzn_ghost_randoct, minivault_11, kennysheep_diamond
D:15:     gammafunk_enter_depths_forms, layout_rooms, minmay_hedge_maze
Temple:   lightli_temple_of_artemis
Lair:1:   layout_cave_pods, serial_rivers, chequers_serial_rivers_micro_e,
          chequers_serial_rivers_small_3, chequers_serial_rivers_micro_e,
          chequers_serial_rivers_small_b, cheibrodos_lair_caveside_slide,
          beast_lair_carwin_9, uniq_gastronok
Lair:2:   layout_small_grid, nicolae_spider_entry_tight_spaces, basic_altar,
          grunt_megastairs_3, uniq_nergalle
Lair:3:   layout_roguey, minmay_swamp_entry_worms
Lair:4:   layout_roguey, gammafunk_ghost_icy
Lair:5:   due_jungle_book, layout_concentric_octagons, slime_entry_2
Swamp:1:  layout_falls_marsh, nicolae_swamp_some_circles, swamp_pool3
Spider:1: layout_spider_delve, uniq_asterion, uniq_aizul
Spider:2: layout_chambers, hangedman_spider_tarantella_strand
Spider:3: hangedman_creepy_crawlies
Orc:1:    layout_caves, nicolae_orc_crystal_geode
Orc:2:    st_orc_rangers, layout_diamond_mine, serial_shops, shop_fountains,
          elves_outpost_lemuel

Skill      XL: |  1  2  3  4  5  6  7  8  9 10 11 12 13 14 15 16 17 |
---------------+----------------------------------------------------+-----
Shapeshifting  | 4 5 6 8 9 10 11 14 15 17 18 19 20 | 20.3
Unarmed Combat | 4 5 7 8 9 10 | 10.0
Invocations    | 4 7 9 10 | 10.1
Fighting       | 5 7 9 10 | 10.0
Armour         | 4 7 |  7.3
Dodging        | 3 6 |  6.1

Action                     |  1- 3 |  4- 6 |  7- 9 | 10-12 | 13-15 | 16-18 || total
---------------------------+-------+-------+-------+-------+-------+-------++-------
  Melee: Unarmed           |    87 |   108 |   217 |   424 |   788 |   473 ||  2097
         Bite              |    22 |    26 |    63 |   150 |   294 |   171 ||   726
         Punch             |     1 |     7 |     9 |    38 |    57 |    28 ||   140
 Invoke: Stomp             |       |       |       |     2 |       |       ||     2
         Grand Finale      |       |       |       |       |       |     2 ||     2
  Evoke: Wand              |       |       |       |     7 |     9 |     2 ||    18
         Phantom mirror    |       |       |       |       |     1 |       ||     1
    Use: Scroll            |       |       |     8 |    17 |     3 |     1 ||    29
         Potion            |       |       |       |     5 |     2 |     4 ||    11
   Stab: Sleeping          |     2 |       |       |       |       |       ||     2
         Paralysed         |       |       |     8 |    32 |    55 |    50 ||   145
         Invisible         |       |       |       |       |     2 |     1 ||     3
         Held in net/web   |       |       |       |       |       |     1 ||     1
 Armour: Animal skin       |    15 |       |       |       |       |       ||    15
         Chain mail        |     6 |    54 |    25 |    88 |   511 |   428 ||  1112
         Plate armour      |       |       |    75 |   179 |       |       ||   254
         Crystal plate arm |       |       |       |   112 |       |       ||   112
  Dodge: Dodged            |    30 |    48 |    69 |   153 |   259 |   287 ||   846
   Form: Storm             |       |       |       |     1 |     2 |     3 ||     6
         Anaconda          |       |       |       |     1 |       |       ||     1
         Beast             |       |       |       |     1 |       |       ||     1
         Blade             |       |       |       |     1 |     4 |     3 ||     8
         Statue            |       |       |       |       |     2 |       ||     2
                           |       |       |       |       |     1 |       ||     1

Table legend: (Time is in decaauts)
 A = Elapsed time spent in this place.
 B = Non-inter-level travel time spent in this place.
 C = Inter-level travel time spent in this place.
 D = Time resting spent in this place.
 E = Time spent auto-exploring this place.
 F = Levels seen in this place.
 G = Mean time per level.
                   A        B        C        D        E       F      G
               +--------+--------+--------+--------+--------+-----+--------+
         Total |  25130 |  22446 |   2684 |    803 |  14885 |  29 |  866.6 |
       Dungeon |  13890 |  12092 |   1798 |    389 |   8831 |  15 |  926.0 |
        Temple |     43 |     24 |     19 |      0 |      0 |   1 |   43.0 |
          Lair |   5090 |   4381 |    709 |     50 |   3180 |   5 | 1018.0 |
         Swamp |     56 |     56 |      0 |      0 |      0 |   1 |   56.0 |
   Spider Nest |   2907 |   2834 |     73 |    192 |   1708 |   3 |  969.0 |
  Orcish Mines |   1625 |   1542 |     83 |     52 |    856 |   2 |  812.5 |
        Bailey |    760 |    760 |      0 |      8 |    200 |   1 |  760.0 |
      Gauntlet |    756 |    756 |      0 |    112 |    109 |   1 |  756.0 |
               +--------+--------+--------+--------+--------+-----+--------+

Top non-repeatable levels by time:
     D:9: 1374 daAuts
  Lair:5: 1334 daAuts
     D:8: 1272 daAuts
Spider:2: 1251 daAuts
    D:10: 1231 daAuts
  Lair:1: 1198 daAuts
   Orc:2: 1142 daAuts
Spider:3: 1141 daAuts
    D:12: 1043 daAuts
     D:7: 1011 daAuts
    D:13: 997 daAuts
  Lair:2: 981 daAuts
     D:6: 942 daAuts
    D:11: 867 daAuts
    D:14: 863 daAuts
